AoeStats
← bullseyes

Arena

506100199Analyzed
4v4 RM · 21d ago on Sep 12, 2026· 42m 56s· 8 players
Game mode
Random Map
Map size
Large (8 player)
Population
200
Speed
Normal
Resources
Standard
Victory
Conquest
Starting age
Dark Age
Ending age
Imperial Age
RankedLock teamsTeams togetherTeam positionsShared explorationLock speedFull tech treeHidden civsTurbo modeCheats
Victory
Defeat
🇨🇳 Franks · China
1689
+9
🇨🇳 Khitans · China
1644
+10
🇨🇳 Britons · China
1521
+15
🇨🇳 Japanese · China
1271
+24
🇧🇪 Berbers · Belgium
1540
-16
🇨🇳 Britons · China
1521
-15
🇭🇰 Magyars · Hong Kong SAR China
1504
-15
🇦🇺 Khmer · Australia
1444
-12
JosephL
7:20 Loom
10:28 Feudal Age
14:31 Castle Age
12:48 Double-Bit Axe
13:12 Horse Collar
15:52 Wheelbarrow
16:33 Bow Saw
25:00 Fletching
40:01 Hand Cart
泡锅
9:58 Feudal Age
13:36 Castle Age
12:20 Double-Bit Axe
12:22 Horse Collar
14:47 Bow Saw
20:53 Wheelbarrow
21:20 Heavy Plow
23:02 Gold Mining
23:42 Stone Mining
25:08 Hand Cart
24:39 Loom
28:35 Imperial Age
26:47 Town Watch
28:00 Fletching
28:33 Ballistics
27:54 Treadmill Crane
29:39 Gold Shaft Mining
30:33 Masonry
30:48 Bodkin Arrow
32:29 Pikeman
33:10 Squires
36:00 Chemistry
35:32 Architecture
35:12 Bracer
35:12 Padded Archer Armor
35:13 Scale Mail Armor
35:23 Forging
35:10 Halberdier
37:31 Chain Mail Armor
37:34 Leather Archer Armor
37:42 Conscription
36:43 Elite Longbowman
39:31 Plate Mail Armor
39:37 Iron Casting
39:55 Yeomen
42:00 Ring Archer Armor
JENIX
9:50 Feudal Age
13:19 Castle Age
11:51 Double-Bit Axe
12:26 Horse Collar
14:26 Bow Saw
20:44 Wheelbarrow
19:59 Loom
20:04 Town Watch
22:02 Gold Mining
23:08 Stone Mining
23:43 Heavy Plow
26:58 Imperial Age
26:50 Hand Cart
27:13 Gold Shaft Mining
27:14 Stone Shaft Mining
27:25 Bloodlines
27:15 Husbandry
27:22 Scale Barding Armor
27:27 Forging
27:20 Tusk Swords
29:04 Double Crossbow
28:51 Light Cavalry
31:02 Chain Barding Armor
31:17 Iron Casting
30:28 Heavy Scorpion
32:11 Ballistics
32:52 Chemistry
32:04 Siege Engineers
33:50 Chemistry
34:33 Plate Barding Armor
34:59 Blast Furnace
35:47 Hussar
37:53 Conscription
37:35 Fletching
37:59 Masonry
38:00 Fortified Wall
40:31 Bodkin Arrow
bullseyes
10:28 Feudal Age
14:02 Castle Age
12:07 Double-Bit Axe
12:29 Horse Collar
22:38 Wheelbarrow
21:49 Loom
22:25 Bow Saw
22:55 Heavy Plow
23:46 Stone Mining
24:40 Hand Cart
24:23 Gold Mining
25:38 Stone Shaft Mining
26:26 Gold Shaft Mining
29:41 Imperial Age
27:25 Bloodlines
27:51 Husbandry
27:51 Treadmill Crane
28:20 Scale Barding Armor
28:26 Forging
29:47 Chain Barding Armor
29:56 Kasbah
30:05 Kasbah
29:50 Heavy Camel Rider
31:15 Iron Casting
30:47 Maghrebi Camels
31:07 Conscription
31:46 Conscription
30:58 Elite Camel Archer
31:32 Fletching
33:14 Chemistry
33:01 Bodkin Arrow
33:07 Padded Archer Armor
33:38 Thumb Ring
34:08 Ballistics
33:18 Cavalier
34:22 Bracer
35:41 Masonry
35:59 Leather Archer Armor
37:24 Ring Archer Armor
39:12 Plate Barding Armor
39:38 Blast Furnace
40:57 Crop Rotation
shenxu
10:02 Feudal Age
13:39 Castle Age
12:12 Double-Bit Axe
12:27 Domestication
14:38 Bow Saw
19:54 Wheelbarrow
20:01 Pastoralism
22:21 Hand Cart
27:32 Imperial Age
25:03 Gold Mining
25:04 Stone Mining
26:33 Lamellar Armor
26:31 Scale Mail Armor
26:30 Loom
26:30 Town Watch
27:31 Chain Mail Armor
27:35 Elite Fire Lancer
28:16 Squires
28:02 Arson
28:44 Conscription
28:56 Plate Mail Armor
29:13 Forging
28:51 Gambesons
30:49 Heavy Rocket Cart
32:29 Iron Casting
33:06 Chemistry
32:58 Siege Engineers
33:05 Town Patrol
33:46 Ballistics
35:29 Fletching
35:21 Treadmill Crane
35:51 Masonry
36:43 Two-Man Saw
36:14 Transhumance
36:47 Coinage
38:04 Bodkin Arrow
38:13 Murder Holes
nono
10:15 Feudal Age
13:49 Castle Age
11:48 Double-Bit Axe
15:17 Bow Saw
23:40 Wheelbarrow
28:08 Imperial Age
25:25 Loom
25:27 Town Watch
26:17 Hand Cart
26:57 Scale Barding Armor
26:55 Gold Mining
28:17 Chain Barding Armor
28:10 Forging
28:45 Gold Shaft Mining
28:09 Pikeman
28:50 Squires
28:35 Arson
28:32 Cavalier
29:13 Husbandry
29:51 Plate Barding Armor
29:54 Iron Casting
29:20 Scale Mail Armor
29:11 Halberdier
30:20 Chivalry
30:41 Conscription
31:41 Blast Furnace
30:50 Stone Mining
31:42 Chain Mail Armor
31:27 Paladin
33:08 Plate Mail Armor
33:00 Light Cavalry
33:48 Fletching
34:00 Padded Archer Armor
35:55 Coinage
37:59 Banking
38:10 Hoardings
40:58 Siege Engineers
40:49 Murder Holes
41:15 Ballistics
41:55 Chemistry
晚辞
10:14 Feudal Age
13:48 Castle Age
11:59 Double-Bit Axe
12:23 Horse Collar
14:52 Bow Saw
23:00 Wheelbarrow
22:40 Loom
23:00 Gold Mining
25:29 Gold Shaft Mining
27:53 Imperial Age
26:00 Hand Cart
25:30 Loom
25:30 Town Watch
26:35 Gold Shaft Mining
25:54 Stone Mining
26:07 Fletching
26:46 Padded Archer Armor
27:09 Ballistics
28:32 Town Patrol
28:49 Scale Mail Armor
28:48 Bodkin Arrow
29:08 Leather Archer Armor
29:56 Chemistry
28:37 Treadmill Crane
29:03 Siege Engineers
29:15 Pikeman
29:55 Squires
30:59 Bracer
31:30 Ring Archer Armor
32:32 Elite Longbowman
33:32 Conscription
33:28 Treadmill Crane
33:43 Murder Holes
33:43 Halberdier
34:24 Scale Mail Armor
34:35 Forging
34:46 Fortified Wall
36:12 Two-Man Saw
36:25 Elite Longbowman
37:25 Conscription
37:04 Elite Skirmisher
38:02 Chain Mail Armor
38:22 Iron Casting
38:55 Yeomen
38:35 Warwolf
39:51 Plate Mail Armor
40:22 Blast Furnace
41:47 Hoardings
41:24 Masonry
班长
10:23 Feudal Age
15:34 Castle Age
13:53 Double-Bit Axe
15:25 Scale Barding Armor
16:33 Scale Mail Armor
26:25 Horse Collar
26:58 Bow Saw
27:43 Heavy Plow
32:29 Wheelbarrow
32:09 Gold Mining
36:24 Imperial Age
36:43 Masonry
37:59 Conscription
37:37 Fletching
37:47 Padded Archer Armor
38:11 Ballistics
38:52 Chemistry
39:07 Bodkin Arrow
39:28 Leather Archer Armor
39:34 Chain Barding Armor
39:24 Thumb Ring
39:44 Parthian Tactics
38:41 Heavy Cavalry Archer
39:26 Loom
39:56 Hand Cart
39:26 Town Watch
39:06 Heavy Cavalry Archer
40:13 Bracer
41:24 Ring Archer Armor
Connection lost

Rejoining the realm…

Still unreachable

The connection could not be restored.

Session expired

The server has moved on; the page needs a fresh start.